 Dungeon Crawl Stone Soup version 0.20.1-1-g8b1a95d (webtiles) character file.

26110 Schiappus the Cleaver (level 12, -11/183 HPs)
             Began as a Troll Berserker on Oct 31, 2017.
             Was an Elder of Trog.
             Mangled by an orc warrior
             ... wielding a +0 dire flail
              (22 damage)
             ... on level 12 of the Dungeon.
             The game lasted 01:47:02 (13301 turns).

Schiappus the Cleaver (Troll Berserker)            Turns: 13301, Time: 01:47:03

Health: -11/183    AC: 10    Str: 33    XL:     12   Next: 95%
Magic:  12/12      EV: 13    Int: 10    God:    Trog [****..]
Gold:   736        SH:  0    Dex: 12    Spells: 11/11 levels left

rFire    + . .     SeeInvis +   K - +6 executioner's axe
rCold    + + .     Gourm    +   (shield currently unavailable)
rNeg     . . .     Faith    .   H - +0 troll leather armour
rPois    +         Spirit   .   (helmet restricted)
rElec    .         Reflect  .   D - +0 cloak
rCorr    .         Harm     .   (gloves unavailable)
MR       .....                  (boots unavailable)
Stlth    ..........             n - amulet of regeneration
Regen    1.6/turn               R - ring of Okozeoqe {rPois rC+ Stlth-}
MPRegen  0.2/turn               B - ring of Laraff {rF+ Int+6 SInv}

@: berserking, very quick
A: unfitting armour, claws 3, slimy green scales 1, blurry vision 1, cold
resistance 1, fast metabolism 3, gourmand, high mp 1, regeneration 1, shaggy fur
1, tough skin 2
a: Berserk, Trog's Hand, Brothers in Arms, Burn Spellbooks, Renounce Religion


You were on level 12 of the Dungeon.
You worshipped Trog.
Trog was greatly pleased with you.
You were full.

You visited 3 branches of the dungeon, and saw 19 of its levels.
You also visited: Sewer.

You collected 926 gold pieces.
You spent 190 gold pieces at shops.

Inventory:

Hand Weapons
 G - a +6 broad axe of electrocution
 K - a +6 executioner's axe (weapon)
Armour
 h - a +0 shield
 D - a +0 cloak (worn)
 E - a +2 robe of cold resistance
 H - a +0 troll leather armour (worn)
Jewellery
 n - an amulet of regeneration (around neck)
 B - the ring of Laraff (right claw) {rF+ Int+6 SInv}
   (You found it on level 7 of the Dungeon)

   [ring of protection from fire]

   It affects your intelligence (+6).
   It protects you from fire.
   It lets you see invisible.
 R - the ring of Okozeoqe (left claw) {rPois rC+ Stlth-}
   (You found it on level 4 of the Lair of Beasts)

   [ring of loudness]

   It protects you from cold.
   It protects you from poison.
   It makes you less stealthy.
Wands
 g - a wand of iceblast (11/15)
 v - a wand of polymorph (14/24)
 w - a wand of flame (20/48)
 y - a wand of polymorph (14/24)
 C - a wand of paralysis (7/24)
 I - a wand of random effects (36/48)
 N - a wand of polymorph (10/24)
 O - a wand of lightning (4/15)
 P - a wand of digging (9/24)
Scrolls
 b - 3 scrolls of magic mapping
 f - 5 scrolls of remove curse
 i - a scroll of holy word
 l - 4 scrolls of enchant armour
 m - 5 scrolls of enchant weapon
 o - a scroll of blinking
 r - 11 scrolls of teleportation
 s - 7 scrolls of identify
 u - a scroll of recharging
 J - a scroll of summoning
Potions
 a - 5 potions of haste
 e - 3 potions of curing
 j - 4 potions of magic
 k - 5 potions of flight
 z - 2 potions of brilliance
 A - 4 potions of agility
 L - a potion of cancellation
 M - 2 potions of might
 S - a potion of mutation
Comestibles
 c - 7 bread rations
 d - 16 royal jellies
 p - 8 meat rations
 q - 13 chunks of flesh
 t - 3 fruits


   Skills:
 + Level 8.5 Fighting
 + Level 13.2 Axes
 + Level 4.1 Armour
 + Level 7.6 Dodging
 + Level 2.5 Stealth
 + Level 4.4 Shields


You had 11 spell levels left.
You didn't know any spells.

Dungeon Overview and Level Annotations

Branches:
Dungeon (12/15)            Temple (0/1) D:5            Lair (6/6) D:11
 Shoals (1/4) Lair:3        Snake (0/4) Lair:4
  Slime: Lair:5-6       Orc: D:9-12

Altars:
Dithmenos
Fedhas
Makhleb
Nemelex Xobeh
Qazlal
Sif Muna
Trog
Xom
Yredelemnul
Zin
The Shining One
Beogh

Shops:
D:4 !

Annotations:
Lair:2 exclusion: oklob plant
Shoals:1 exclusion: Roxanne, Roxanne


Innate Abilities, Weirdness & Mutations

You are too large for most types of armour.
You have claws for hands.
Your metabolism is lightning-fast.
You like to eat raw meat.
Your natural rate of healing is unusually fast.
You are covered in fur. (AC +1)
You have very tough skin. (AC +2)
You are partially covered in slimy green scales. (AC +2)
Scrolls take you a little longer to read.
Your flesh is cold resistant. (rC+)
You have an increased reservoir of magic. (+10% MP)


Message History

The warg barely misses you. The orc warrior closely misses you.
You fail to use your ability.
The warg bites you.
* * * LOW HITPOINT WARNING * * *
The orc warrior closely misses you. The warg completely misses you.
A red film seems to cover your vision as you go berserk!
You feel yourself moving faster!
You feel mighty! The warg misses you.
The orc warrior hits you with a dire flail.
* * * LOW HITPOINT WARNING * * *
The warg misses you. The orc warrior misses you.
You closely miss the orc warrior. You slash the warg! You hit the warg.
The warg misses you. The warg bites you!
* * * LOW HITPOINT WARNING * * *
The orc warrior misses you. The warg closely misses you.
The orc warrior hits you from afar with a halberd!!
* * * LOW HITPOINT WARNING * * *
The warg bites you.
* * * LOW HITPOINT WARNING * * *
You closely miss the orc warrior. You slice the warg!! You slash the warg!
The orc warrior hits you with a dire flail!!
You die...

......# .:. ......#
... ......# .. ......#
.. ####'## #. ###.# #.
#...# #.## ##.#######
#hh# (........# ##@#
.........# ##o####
.........# #ooo..#
.......ยง.######ooo..#
.......))o.o..oo....#
####.....######.....#
#)oO..# ##.####
.oo...#### ..# o.o#..#
###


You could see 2 wargs, 3 orc warriors, an orc priest and 5 orcs.

Vanquished Creatures
  Fannar (D:10)
  Erica (D:9)
  2 two-headed ogres
  An unseen horror (D:11)
  Pikel (D:9)
  An oklob plant (Lair:2)
  Maurice (D:8)
  2 black mambas (Lair:4)
  4 spiny frogs
  4 rime drakes
  3 komodo dragons
  2 trolls
  6 hornets
  7 blink frogs (Lair:4)
  3 hippogriffs
  A dream sheep (D:7)
  22 yaks
  A water elemental (Lair:3)
  2 hogs (Lair:4)
  A steam dragon (Lair:4)
  2 wargs (D:12)
  2 porcupines
  7 orc warriors
  A swamp drake (Lair:4)
  7 water moccasins
  5 ice beasts
  A sky beast (D:9)
  2 phantoms
  An ogre (D:8)
  7 centaurs
  8 wolves
  The ghost of Feta the Firebug, an amateur DsFE (Sewer)
  2 crocodiles
  3 big kobolds
  3 bullfrogs
  2 wyvern zombies
  5 scorpions
  12 killer bees
  4 howler monkeys
  A bullfrog zombie (D:5)
  4 crimson imps
  5 quasits
  3 centaur skeletons
  6 orc priests
  3 hounds
  A gnoll shaman (D:4)
  2 jellies
  11 orc wizards
  Terence (D:3)
  3 iguanas
  9 worker ants
  A hound zombie (D:7)
  A hound skeleton (D:8)
  A howler monkey zombie (D:9)
  8 gnolls
  A river rat (D:5)
  13 adders
  4 shadow imps
  An ooze (Sewer)
  An adder skeleton (D:7)
  2 adder zombies
  3 worms
  2 dart slugs
  5 leopard geckos
  39 orcs
  7 giant cockroaches
  8 hobgoblins
  4 jackals
  31 kobolds
  5 quokkas
  5 ball pythons
  9 bats
  5 frilled lizards
  2 gnoll zombies (D:4)
  7 goblins
  A leopard gecko zombie (D:6)
  12 rats
  A fungus (Lair:1)
  2 plants
371 creatures vanquished.

Vanquished Creatures (collateral kills)
  Kirke (Lair:4)
  2 hydras
  An orc knight (D:12)
  A blink frog (Lair:4)
  3 hippogriffs
  8 yaks
  2 hogs (Lair:4)
  A water moccasin (Lair:1)
  A porcupine (Lair:1)
  An orc warrior (D:12)
  2 crocodiles
  A bullfrog (Lair:4)
  An orc (D:12)
25 creatures vanquished.

Vanquished Creatures (others)
  A wizard (D:3)
  4 dream sheep (D:7)
  A porcupine (Lair:5)
  A slave (D:9)
  A phantom (D:7)
  A worker ant (D:9)
  3 orcs (D:9)
  A fungus (Lair:4)
13 creatures vanquished.

Grand Total: 409 creatures vanquished

Notes
Turn   | Place    | Note
-------+----------+-------------------------------------------
     0 | D:1      | Schiappus the Troll Berserker began the quest for the Orb.
     0 | D:1      | Reached XP level 1. HP: 22/22 MP: 0/0
     3 | D:1      | Noticed an electric eel
     3 | D:1      | Noticed an electric eel
   313 | D:1      | Reached XP level 2. HP: 28/29 MP: 1/1
   698 | D:1      | Gained mutation: You are somewhat resistant to further mutation. [potion of mutation]
   698 | D:1      | Gained mutation: You have a pair of small horns on your head. [potion of mutation]
   713 | D:2      | Found a blossoming altar of Fedhas.
   790 | D:2      | Reached ** piety under Trog
   863 | D:2      | Reached XP level 3. HP: 36/36 MP: 2/2
   971 | D:2      | Reached skill level 3 in Axes
  1190 | D:3      | Reached XP level 4. HP: 33/44 MP: 3/3
  1191 | D:3      | Noticed Terence
  1324 | D:3      | Found a glowing silver altar of Zin.
  1476 | D:3      | Reached XP level 5. HP: 33/53 MP: 4/4
  1721 | D:3      | Found a bloodstained altar of Trog.
  1725 | D:3      | Noticed a wizard
  1731 | D:3      | Killed a wizard
  1881 | D:3      | Killed Terence
  1881 | D:3      | Reached skill level 4 in Axes
  2166 | D:4      | Reached *** piety under Trog
  2166 | D:4      | Reached XP level 6. HP: 61/61 MP: 5/5
  2353 | D:4      | Found a basalt altar of Yredelemnul.
  2374 | D:4      | Found Taaraf's Distillery.
  2422 | D:4      | Bought 2 potions of heal wounds for 100 gold pieces
  2422 | D:4      | Bought a potion of degeneration for 10 gold pieces
  2422 | D:4      | Bought a potion of mutation for 80 gold pieces
  2859 | D:4      | Reached skill level 1 in Stealth
  2882 | D:5      | Entered Level 5 of the Dungeon
  2882 | D:5      | Found a staircase to the Ecumenical Temple.
  2882 | D:5      | Noticed an ice beast
  2890 | D:5      | Killed an ice beast
  2890 | D:5      | Reached skill level 5 in Axes
  2890 | D:5      | Reached XP level 7. HP: 41/67 MP: 6/6
  3064 | D:5      | Reached skill level 1 in Shields
  3096 | D:5      | Found a shadowy altar of Dithmenos.
  3127 | D:5      | Reached **** piety under Trog
  3327 | D:5      | Found a glowing drain.
  3349 | Sewer    | Entered a sewer
  3494 | Sewer    | Noticed Feta's ghost (amateur DsFE)
  3505 | Sewer    | Killed Feta's ghost
  3505 | Sewer    | Reached skill level 6 in Axes
  3657 | Sewer    | Lost mutation: You have a pair of small horns on your head. [potion of mutation]
  3657 | Sewer    | Lost mutation: You are somewhat resistant to further mutation. [potion of mutation]
  3657 | Sewer    | Gained mutation: Scrolls take you a little longer to read. [potion of mutation]
  3657 | Sewer    | Gained mutation: You have an increased reservoir of magic. (+10% MP) [potion of mutation]
  3657 | Sewer    | Gained mutation: Your flesh is cold resistant. (rC+) [potion of mutation]
  4004 | D:6      | Reached XP level 8. HP: 78/78 MP: 7/7
  4497 | D:7      | Noticed a hippogriff
  4511 | D:7      | Killed a hippogriff
  4605 | D:7      | Reached skill level 7 in Axes
  4902 | D:7      | Got a glittering ivory ring
  4914 | D:7      | Noticed a dream sheep
  4914 | D:7      | Noticed a dream sheep
  4914 | D:7      | Noticed a dream sheep
  4914 | D:7      | Noticed a dream sheep
  4914 | D:7      | Noticed a dream sheep
  4914 | D:7      | Found a shimmering altar of Xom.
  4918 | D:7      | Killed a dream sheep
  4918 | D:7      | Killed a dream sheep
  4918 | D:7      | Killed a dream sheep
  4918 | D:7      | Reached ***** piety under Trog
  4919 | D:7      | Killed a dream sheep
  4919 | D:7      | Killed a dream sheep
  5215 | D:7      | Reached XP level 9. HP: 78/85 MP: 8/8
  5529 | D:7      | Identified the ring of Laraff {rF+ Int+6 SInv} (You found it on level 7 of the Dungeon)
  5646 | D:8      | Got a crystal short sword
  5936 | D:8      | Noticed Maurice
  5940 | D:8      | Paralysed by Maurice for 2 turns
  5952 | D:8      | Killed Maurice
  5952 | D:8      | Reached skill level 8 in Axes
  5952 | D:8      | Reached skill level 5 in Dodging
  5979 | D:8      | Reached skill level 5 in Fighting
  6094 | D:8      | Noticed a two-headed ogre
  6103 | D:8      | Killed a two-headed ogre
  6103 | D:8      | Reached skill level 9 in Axes
  6195 | D:8      | Found a deep blue altar of Sif Muna.
  6223 | D:9      | Noticed Pikel
  6235 | D:9      | Killed Pikel
  6235 | D:9      | Reached XP level 10. HP: 85/96 MP: 10/10
  6463 | D:8      | Received a gift from Trog
  6750 | D:9      | Noticed a two-headed ogre
  6757 | D:9      | Killed a two-headed ogre
  6765 | D:8      | Reached skill level 10 in Axes
  6920 | D:9      | Gained mutation: You are partially covered in slimy green scales. (AC +2) [mutagenic meat]
  7192 | D:9      | Noticed Erica
  7203 | D:9      | Killed Erica
  7241 | D:9      | Paralysed by a hornet for 3 turns
  7341 | D:9      | Found a glowing golden altar of the Shining One.
  7410 | D:9      | Found a faded altar of an unknown god.
  7410 | D:9      | Found a faded altar of an unknown god.
  7416 | D:9      | Found a stormy altar of Qazlal.
  7419 | D:9      | Found a burning altar of Makhleb.
  7421 | D:9      | Found a sparkling altar of Nemelex Xobeh.
  7654 | D:10     | Entered Level 10 of the Dungeon
  7709 | D:10     | Reached XP level 11. HP: 101/107 MP: 11/11
  8067 | D:10     | Noticed Fannar
  8069 | D:10     | Reached skill level 1 in Armour
  8086 | D:10     | Killed Fannar
  8086 | D:10     | Reached skill level 11 in Axes
  8092 | D:10     | Received a gift from Trog
  8615 | D:11     | Noticed an unseen horror
  8633 | D:11     | Killed an unseen horror
  8662 | D:11     | Found a staircase to the Lair.
  8687 | D:11     | Paralysed by a hornet for 2 turns
  8704 | D:11     | HP: 5/107 [poisoned by a killer bee]
  9592 | Lair:1   | Entered Level 1 of the Lair of Beasts
 10105 | Lair:1   | Noticed a five-headed hydra
 10116 | Lair:1   | Killed a six-headed hydra
 10750 | Lair:2   | Noticed an oklob plant
 10750 | Lair:2   | Noticed an oklob plant
 10767 | Lair:2   | Killed an oklob plant
 10767 | Lair:2   | Reached XP level 12. HP: 75/118 MP: 12/12
 11192 | Lair:3   | Reached skill level 12 in Axes
 11250 | Lair:3   | Found a staircase to the Shoals.
 11329 | Shoals:1 | Entered Level 1 of the Shoals
 11332 | Shoals:1 | Noticed Roxanne
 11587 | Lair:3   | Found a labyrinth entrance.
 12129 | Lair:4   | Noticed Kirke
 12146 | Lair:4   | HP: 2/119 [Kirke (8)]
 12146 | Lair:4   | Killed Kirke
 12379 | Lair:4   | Noticed a four-headed hydra
 12384 | Lair:4   | Killed a four-headed hydra
 12567 | Lair:4   | Reached skill level 13 in Axes
 12588 | Lair:4   | Got a glittering lapis lazuli ring
 12704 | Lair:4   | Found a staircase to the Snake Pit.
 12920 | Lair:4   | You fall through a shaft for 2 floors!
 12920 | Lair:6   | Entered Level 6 of the Lair of Beasts
 13131 | D:11     | Identified the ring of Okozeoqe {rPois rC+ Stlth-} (You found it on level 4 of the Lair of Beasts)
 13263 | D:12     | Found a roughly hewn altar of Beogh.
 13300 | D:12     | HP: 9/183 [warg (3)]
 13301 | D:12     | Mangled by an orc warrior

Skill      XL: |  1  2  3  4  5  6  7  8  9 10 11 12 |
---------------+-------------------------------------+-----
Dodging        | 3 4 5 6 7 |  7.6
Axes           | 3 4 5 6 7 9 10 11 13 | 13.2
Fighting       | 3 4 5 6 7 8 |  8.5
Stealth        | 1 2 |  2.5
Shields        | 1 2 3 4 |  4.4
Armour         | 3 4 |  4.1

Action                   |  1- 3 |  4- 6 |  7- 9 | 10-12 || total
-------------------------+-------+-------+-------+-------++-------
Melee: Hand axe          |   100 |       |       |       ||   100
       Headbutt          |    11 |    26 |    23 |       ||    60
       War axe           |     4 |   135 |   274 |       ||   413
       Battleaxe         |       |       |    79 |    26 ||   105
       Broad axe         |       |       |       |   160 ||   160
       Executioner's axe |       |       |       |   337 ||   337
Invok: Berserk           |       |     1 |     4 |     6 ||    11
       Burn Spellbooks   |       |       |     1 |     3 ||     4
       Brothers in Arms  |       |       |       |    12 ||    12
  Use: Potion            |     7 |     1 |     8 |    13 ||    29
       Scroll            |     5 |     6 |     2 |     3 ||    16
 Stab: Sleeping          |     1 |     1 |     1 |     1 ||     4
       Invisible         |       |     4 |       |       ||     4
       Confused          |       |       |       |     1 ||     1
  Eat: Chunk             |    16 |    17 |    35 |    73 ||   141
       Fruit             |       |       |       |     6 ||     6
Armor: Animal skin       |    38 |       |       |       ||    38
       Robe              |    11 |    50 |   125 |    49 ||   235
       Troll leather arm |       |       |       |   194 ||   194
Dodge: Dodged            |    86 |   113 |   182 |   471 ||   852
Block: Shield            |       |     8 |   137 |    77 ||   222
